 Dungeon Crawl Stone Soup version 0.28-a0-194-g42b4daccc1 (webtiles) character file.

Game seed: 14667146210212163689

6 bande the Covered (level 1, 0/14 HPs)
             Began as a Gargoyle Fighter on Aug 18, 2021.
             Slain by a jackal (2 damage)
             ... on level 1 of the Dungeon.
             The game lasted 00:00:20 (92 turns).

bande the Covered (Gargoyle Fighter)                  Turns: 92, Time: 00:00:21

Health: 0/14       AC:  9    Str: 19    XL:     1   Next: 90%
Magic:  1/1        EV:  7    Int:  8    God:
Gold:   11         SH:  7    Dex:  9    Spells: 0/0 levels left

rFire   . . .      SeeInvis .   a - +0 war axe
rCold   . . .      Faith    .   c - +0 kite shield
rNeg    + . .      Spirit   .   b - +0 scale mail
rPois   ∞          Reflect  .   (no helmet)
rElec   +          Harm     .   (no cloak)
rCorr   .          Rampage  .   (no gloves)
Will    .....                   (no boots)
Stlth   ..........              (no amulet)
HPRegen 0.04/turn               (no ring)
MPRegen 0.07/turn               (no ring)

@: no status effects
A: sickness immunity, AC +2, negative energy resistance 1, electricity
resistance, torment resistance 1, petrification resistance
a: no special abilities


You were on level 1 of the Dungeon.
You visited 1 branch of the dungeon, and saw 1 of its levels.

You collected 11 gold pieces.

Inventory:

Hand Weapons
 a - a +0 war axe (weapon)
Armour
 b - a +0 scale mail (worn)
 c - a +0 kite shield (worn)
Potions
 d - a potion of might


   Skills:
 + Level 3.4 Fighting
 + Level 1.9 Axes
 + Level 3.4 Armour
 + Level 3.3 Shields


You couldn't memorise any spells.
You didn't know any spells.
Your spell library was empty.

Dungeon Overview and Level Annotations

Branches:
Dungeon (1/15)

Altars:


Innate Abilities, Weirdness & Mutations

You are immune to sickness and miasma.
Your stone body is resilient. (AC +2)
You are immune to poison.
You resist negative energy. (rN+)
You are resistant to electric shocks. (rElec)
You are resistant to unholy torment.
You are immune to petrification.


Message History

You closely miss the jackal. You block the jackal's attack. x2
The jackal bites you but does no damage.
You closely miss the jackal. You block the jackal's attack.
The jackal barely misses you.
You barely miss the jackal.
The jackal bites you but does no damage.
You block the jackal's attack. The jackal completely misses you.
You hit the jackal.
You kill the jackal!
The goblin hits you but does no damage.
You closely miss the goblin. The goblin barely misses you.
You block the goblin's attack.
You closely miss the goblin. The goblin hits you but does no damage.
You closely miss the goblin. You block the goblin's attack.
The goblin barely misses you.
You closely miss the goblin. The goblin barely misses you.
You closely miss the goblin. You block the goblin's attack.
The goblin hits you with a +0 club.
* * * LOW HITPOINT WARNING * * *
You closely miss the goblin. You block the goblin's attack.
The goblin closely misses you.
You miss the goblin. You block the goblin's attack.
You completely miss the goblin. You block the goblin's attack.
The goblin hits you but does no damage.
You slash the goblin!
You kill the goblin!
You slash the hobgoblin!
You kill the hobgoblin!
You block the jackal's attack.
You closely miss the jackal.
The jackal bites you but does no damage. x2
You closely miss the jackal. The jackal bites you.
* * * LOW HITPOINT WARNING * * *
The jackal bites you but does no damage.
You closely miss the jackal. You block the jackal's attack. x2
The jackal bites you but does no damage.
Unknown command.
The jackal bites you.
You die...

###.....§..#
###......≈§..#?..
.......§≈≈≈..#...##
.....§≈≈§§≈.<#.#..#
.......≈§§≈§.#....#
###.....§§≈§.##.#.# # #
###......§§##?#.# ...
###.###......##.#.####.....
>....####....##.@hh)J(.....
###.#...###..####.####.....
###.#..##########.# ...
..................# .
...#.#.#########..#
.....#.#########..#
.#####............# .
###########.## #.#


You could see an endoplasm and 2 jackals.

Vanquished Creatures
  An endoplasm (D:1)
  A goblin (D:1)
  A hobgoblin (D:1)
  A jackal (D:1)
  A rat (D:1)
5 creatures vanquished.

Notes
Turn   | Place    | Note
-------+----------+-------------------------------------------
     0 | D:1      | bande the Gargoyle Fighter began the quest for the Orb.
     0 | D:1      | Reached XP level 1. HP: 14/14 MP: 1/1
    92 | D:1      | Slain by a jackal

Illustrated notes

Levels and vault maps discovered:
D:1:      lemuel_arrival_funnel, layout_loops_ring,
          ebering_ecumenical_altar_petrified

Action                   || total
-------------------------++-------
Melee: War axe           ||    38
Armor: Scale mail        ||    24
Dodge: Dodged            ||    14
Block: Kite shield       ||    27

Table legend: (Time is in decaauts)
 A = Elapsed time spent in this place.
 B = Non-inter-level travel time spent in this place.
 C = Inter-level travel time spent in this place.
 D = Time resting spent in this place.
 E = Time spent auto-exploring this place.
 F = Levels seen in this place.
 G = Mean time per level.
                   A        B        C        D        E       F      G
               +--------+--------+--------+--------+--------+-----+--------+
         Total |    116 |    116 |      0 |      0 |     47 |   1 |  116.0 |
       Dungeon |    116 |    116 |      0 |      0 |     47 |   1 |  116.0 |
               +--------+--------+--------+--------+--------+-----+--------+

Top non-repeatable levels by time:
     D:1: 116 daAuts
